 Dungeon Crawl Stone Soup version 0.29-a0-91-gdebf4667c2 (webtiles) character file.

Game seed: 16607912307949672239

20656 dracfodder the Fighter (level 12, -9/84 HPs)
             Began as a Gargoyle Berserker on Feb 7, 2022.
             Was an Elder of Trog.
             Killed from afar by a frost giant (26 damage)
             ... with a bolt of cold
             ... in an ice cave on Feb 8, 2022.
             The game lasted 00:41:14 (10720 turns).

dracfodder the Fighter (Gargoyle Berserker)        Turns: 10720, Time: 00:41:15

Health: -9/84      AC: 32    Str: 27    XL:     12   Next: 81%
Magic:  12/12      EV: 16    Int: 14    God:    Trog [****..]
Gold:   623        SH:  0    Dex:  9    Spells: 11/11 levels left

rFire   . . .      SeeInvis .   a - +6 quarterstaff (chaos)
rCold   . . .      Faith    .   (shield currently unavailable)
rNeg    + . .      Spirit   .   u - +10 ring mail of Moral Flaws {Str+2 Int+5}
rPois   ∞          Reflect  .   (no helmet)
rElec   +          Harm     .   p - +2 cloak
rCorr   .          Rampage  .   (no gloves)
Will    .....                   (no boots)
Stlth   +.........              (no amulet)
HPRegen 0.24/turn               y - +4 ring of protection
MPRegen 0.13/turn               C - +4 ring of evasion

@: mighty, on berserk cooldown, slowed, very slow
A: sickness immunity, AC +8, negative energy resistance 1, electricity
resistance, torment resistance 1, petrification resistance
a: Renounce Religion, Berserk, Trog's Hand, Brothers in Arms


You were in an ice cave.
You worshipped Trog.
Trog was greatly pleased with you.
You visited 3 branches of the dungeon, and saw 13 of its levels.
You also visited: Ice Cave.

You collected 623 gold pieces.

Inventory:

Hand Weapons
 a - a +6 quarterstaff of chaos (weapon)
 b - a +2 hunting sling of flaming
 q - a +0 war axe
 D - a +2 hand crossbow of freezing
Missiles
 c - 334 stones
 d - 8 boomerangs (quivered)
 e - 44 sling bullets
 f - 235 arrows
 g - 2 atropa-tipped darts
 h - 44 bolts
 i - 5 javelins
 k - 16 poisoned darts
 n - 6 curare-tipped darts
 x - a throwing net
Armour
 p - a +2 cloak (worn)
 u - the +10 ring mail of Moral Flaws (worn) {Str+2 Int+5}
   (You found it on level 5 of the Dungeon)

   Str:       It affects your strength (+2).
   Int:       It affects your intelligence (+5).
Jewellery
 y - a +4 ring of protection (left hand)
 C - a +4 ring of evasion (right hand)
Wands
 z - a wand of iceblast (4)
 F - a wand of digging (4)
Scrolls
 m - a scroll of fog
 r - 3 scrolls of fear
 t - 5 scrolls of teleportation
 v - 3 scrolls of blinking
 A - 6 scrolls of identify
Potions
 j - 2 potions of flight
 l - 7 potions of curing
 o - a potion of haste
 s - a potion of ambrosia
 w - 4 potions of lignification


   Skills:
 * Level 13.2 Fighting
 + Level 3.6(4.0) Axes
 + Level 2.5(9.0) Maces & Flails
 + Level 12.8(12.9) Staves
 + Level 2.0 Crossbows
 + Level 2.4 Throwing
 + Level 7.8 Armour
 + Level 6.0 Dodging
 + Level 2.5 Stealth
 + Level 2.6 Evocations


You had 11 spell levels left.
You didn't know any spells.
Your spell library was empty.

Dungeon Overview and Level Annotations

Branches:
Dungeon (10/15)            Temple (1/1) D:6            Lair (2/6) D:8
  IceCv (1/1)
  Swamp: Lair:2-4    Shoals: Lair:2-4     Snake: Lair:2-4    Spider: Lair:2-4
    Orc: D:9-12

Altars:
Ashenzari
Cheibriados
Dithmenos
Elyvilon
Fedhas
Gozag
Hepliaklqana
Kikubaaqudgha
Makhleb
Nemelex Xobeh
Okawaru
Qazlal
Ru
Sif Muna
Trog
Uskayaw
Vehumet
Wu Jian
Xom
Yredelemnul
Zin
The Shining One

Shops:
D:4 [


Innate Abilities, Weirdness & Mutations

You are immune to sickness and miasma.
Your stone body is resilient. (AC +8)
You are immune to poison.
You resist negative energy. (rN+)
You are resistant to electric shocks. (rElec)
You are resistant to unholy torment.
You are immune to petrification.


Message History

Blink to where?
Press: ? - help, Dir - move target
As you read the scroll of blinking, it crumbles to dust.
Aiming: Dig
Press: ? - help, Shift-Dir - straight line An ice covered rock wall.
The rock shatters into small pieces.
The frost giant casts a spell at you. The bolt of cold hits you.
Items here: ÷÷÷÷.
Aiming: Mindburst
Press: ? - help, Shift-Dir - straight line, f - frost giant
Aim: a frost giant, wielding a +2 battleaxe of freezing (heavily wounded, chance to affect: 25%)
The frost giant resists with almost no effort.
The now-empty wand crumbles to dust.
The frost giant hits you but does no damage.
Really quaff the potion of lignification?
Okay, then.
It was a potion of might.
You feel very mighty all of a sudden.
The frost giant hits you but does no damage.
You hit the frost giant. You drain the frost giant.
The frost giant is heavily wounded.
The frost giant closely misses you.
You barely miss the frost giant.
The frost giant is heavily wounded.
The frost giant hits you with a +2 battleaxe of freezing!
* * * LOW HITPOINT WARNING * * *
The frost giant freezes you.
* * * LOW HITPOINT WARNING * * *
You sock the frost giant!
The frost giant looks as sick as possible!
The frost giant is severely wounded.
The frost giant barely misses you.
You hit the frost giant.
The frost giant flickers and vanishes!
Deactivating autopickup; reactivate with Ctrl-A.
You hear some strange, mumbled words.
A bolt of cold appears from out of thin air!
The bolt of cold hits you!!
You die...

.# #..# .# ###
####.# .# #.##
##.#..# .###..#
##†#...#
###...##
##.###..#
##.....##
##.###...#
##......####.##
#÷##.#
.....##..##C##
##{# #.#
.....###.#.##
#@.# #.# ....##
#.)## ##.## #.#
....# ##.# #..#
## ...## #..##
##..# ...#
##..# #..##
..## #..###..#
### #..##..##
##..#..#
##...##


There were no monsters in sight!

Vanquished Creatures
  A frost giant (IceCv)
  3 hydras
  A centaur warrior (D:8)
  A two-headed ogre (D:9)
  10 death yaks
  An ugly thing (D:8)
  A manticore (D:8)
  An ice statue (IceCv)
  2 cane toads (Lair:1)
  A black mamba (Lair:2)
  A komodo dragon (Lair:1)
  3 rime drakes (IceCv)
  4 polar bears (IceCv)
  Sigmund (D:4)
  2 wyverns
  7 yaks
  A steam dragon (D:6)
  A basilisk (D:8)
  An acid dragon (D:8)
  6 water moccasins
  An ice beast (D:5)
  2 black bears
  2 sky beasts
  3 orc warriors
  An ogre (D:6)
  A necrophage (D:6)
  11 wolves (IceCv)
  3 centaurs
  A phantom (D:5)
  2 kobold brigands (D:8)
  2 bullfrogs
  5 scorpions
  A cane toad simulacrum (Lair:2)
  2 water moccasin zombies (D:6)
  An elephant simulacrum (Lair:2)
  10 killer bees
  4 howler monkeys
  5 wights (D:8)
  A centaur zombie (D:9)
  Crazy Yiuf (D:2)
  2 bullfrog zombies
  A jelly (D:4)
  4 orc priests
  2 hounds
  3 bullfrog skeletons
  2 centaur skeletons
  5 iguanas
  Natasha (twice) (D:2)
  5 orc wizards
  2 hell rats (D:8)
  A killer bee zombie (D:8)
  A wolf simulacrum (Lair:2)
  A howler monkey zombie (D:8)
  Robin (D:2)
  7 gnolls
  7 adders
  2 river rats (D:8)
  2 shadow imps
  4 white imps (D:6)
  An adder skeleton (D:4)
  2 worms
  A dart slug (D:5)
  8 orcs
  7 ball pythons
  5 endoplasms
  2 giant cockroaches
  14 goblins
  7 hobgoblins
  2 jackals (D:1)
  5 quokkas
  3 frilled lizards
  12 kobolds
  6 rats
237 creatures vanquished.

Vanquished Creatures (others)
  3 fungi (Lair:2)
  5 plants
8 creatures vanquished.

Grand Total: 245 creatures vanquished

Notes
Turn   | Place    | Note
-------+----------+-------------------------------------------
     0 | D:1      | dracfodder the Gargoyle Berserker began the quest for the
                  | Orb.
     0 | D:1      | Reached XP level 1. HP: 14/14 MP: 1/1
   383 | D:1      | Reached XP level 2. HP: 20/20 MP: 2/2
   706 | D:1      | Reached skill level 4 in Fighting
   852 | D:1      | Reached XP level 3. HP: 19/24 MP: 3/3
  1099 | D:2      | Noticed Robin
  1116 | D:2      | Killed Robin
  1142 | D:2      | Reached XP level 4. HP: 7/30 MP: 4/4
  1516 | D:2      | Found a faded altar of an unknown god.
  1590 | D:2      | Noticed Natasha
  1601 | D:2      | Killed Natasha
  1602 | D:2      | Reached XP level 5. HP: 26/34 MP: 5/5
  2096 | D:2      | Found a runed translucent door.
  2096 | D:2      | Noticed Natasha
  2096 | D:2      | Noticed Crazy Yiuf
  2103 | D:2      | Killed Crazy Yiuf
  2122 | D:2      | Killed Natasha
  2123 | D:2      | Reached skill level 1 in Maces & Flails
  2615 | D:3      | Noticed an orc warrior
  2626 | D:3      | Killed an orc warrior
  2627 | D:3      | Reached skill level 5 in Fighting
  2627 | D:3      | Reached XP level 6. HP: 40/40 MP: 6/6
  2912 | D:3      | Reached ** piety under Trog
  3476 | D:5      | Entered Level 5 of the Dungeon
  3595 | D:4      | Noticed Sigmund
  3600 | D:4      | Killed Sigmund
  3601 | D:4      | Reached XP level 7. HP: 45/45 MP: 7/7
  3723 | D:4      | Found Vualevou's Antique Armour Boutique.
  3797 | D:5      | Reached skill level 6 in Fighting
  3975 | D:5      | Reached XP level 8. HP: 50/51 MP: 8/8
  3985 | D:5      | Identified the +1 scale mail of Divine Intervention
                  | {Will++}
  4205 | D:5      | Found a burning altar of Makhleb.
  4559 | D:5      | Identified the +10 ring mail of Moral Flaws {Str+2 Int+5}
  4818 | D:6      | Reached skill level 5 in Staves
  4820 | D:6      | Reached skill level 7 in Fighting
  4820 | D:6      | Reached skill level 5 in Armour
  4888 | D:6      | Reached *** piety under Trog
  4925 | D:6      | Reached XP level 9. HP: 57/57 MP: 9/9
  5545 | D:6      | Reached skill level 1 in Stealth
  5855 | D:6      | Found a staircase to the Ecumenical Temple.
  5864 | Temple   | Entered the Ecumenical Temple
  6149 | D:7      | Reached skill level 8 in Fighting
  6473 | D:7      | Reached skill level 1 in Throwing
  6872 | D:7      | Reached XP level 10. HP: 65/65 MP: 10/10
  7313 | D:8      | Noticed a death yak
  7313 | D:8      | Noticed a death yak
  7314 | D:8      | Noticed a death yak
  7334 | D:8      | Killed a death yak
  7335 | D:8      | Reached skill level 9 in Fighting
  7339 | D:8      | Killed a death yak
  7355 | D:8      | Killed a death yak
  7384 | D:8      | Reached **** piety under Trog
  7477 | D:8      | Found a staircase to the Lair.
  7504 | D:8      | You fall into a shaft and drop 1 floor!
  7511 | D:9      | Noticed a two-headed ogre
  7519 | D:9      | Killed a two-headed ogre
  7520 | D:9      | Reached skill level 10 in Fighting
  7520 | D:9      | Reached skill level 10 in Staves
  7520 | D:9      | Reached skill level 1 in Evocations
  7868 | D:10     | Entered Level 10 of the Dungeon
  8045 | D:8      | Reached XP level 11. HP: 69/72 MP: 11/11
  8088 | D:8      | Noticed a green ugly thing
  8089 | D:8      | Noticed a centaur warrior
  8102 | D:8      | Killed a green ugly thing
  8111 | D:8      | Killed a centaur warrior
  8415 | D:8      | Noticed a manticore
  8423 | D:8      | Killed a manticore
  8489 | D:8      | Noticed a seven-headed hydra
  8495 | D:8      | Killed a seven-headed hydra
  8496 | D:8      | Reached skill level 5 in Dodging
  8504 | D:8      | Identified the +0 chain mail of Yqaap {Str-5 Slay+4}
  8979 | Lair:1   | Entered Level 1 of the Lair of Beasts
  8990 | Lair:1   | Reached skill level 1 in Crossbows
  8995 | Lair:1   | Reached skill level 11 in Fighting
  9023 | Lair:1   | Noticed a seven-headed hydra
  9032 | Lair:1   | Killed a seven-headed hydra
  9033 | Lair:1   | Killed a seven-headed hydra
  9719 | Lair:2   | Found a frozen archway.
  9740 | IceCv    | Entered an ice cave
  9769 | IceCv    | Reached XP level 12. HP: 81/81 MP: 12/12
  9794 | IceCv    | Noticed a death yak
  9795 | IceCv    | Reached skill level 12 in Fighting
  9828 | IceCv    | Killed a death yak
 10333 | IceCv    | Noticed a death yak
 10361 | IceCv    | Killed a death yak
 10401 | IceCv    | Noticed a death yak
 10401 | IceCv    | Noticed a death yak
 10405 | IceCv    | Noticed a death yak
 10406 | IceCv    | Noticed a death yak
 10415 | IceCv    | Killed a death yak
 10422 | IceCv    | Killed a death yak
 10428 | IceCv    | Killed a death yak
 10436 | IceCv    | Killed a death yak
 10449 | IceCv    | Reached skill level 13 in Fighting
 10521 | IceCv    | Noticed a frost giant
 10521 | IceCv    | Noticed a death yak
 10692 | IceCv    | Killed a frost giant
 10700 | IceCv    | Killed a death yak
 10705 | IceCv    | HP: 3/84 [frost giant/bolt of cold (21)]
 10720 | IceCv    | Killed from afar by a frost giant

Illustrated notes

Levels and vault maps discovered:
D:1:      elethiomel_arrival_maze, layout_basic
D:2:      layout_basic, shapermc_ecumenical_altar_notcrosses, uniq_robin,
          uniq_natasha, uniq_crazy_yiuf_cottage
D:3:      layout_basic, serial_bayou_pond_e, kennysheep_cross_room
D:4:      layout_rooms, serial_shops, shop, uniq_sigmund
D:5:      layout_cave_pools, lightli_temple_of_fire
D:6:      minmay_octagon_keep, layout_loops_corners,
          minmay_temple_entry_junction
D:7:      layout_loops_ring
D:8:      minmay_tri_box, layout_rooms, dpeg_lair_monsters, serial_rivers,
          chequers_serial_rivers_small_b, chequers_serial_rivers_micro_e,
          chequers_serial_rivers_micro_c, chequers_serial_rivers_micro_c,
          chequers_serial_rivers_micro_d, nicolae_elevator_lobby_plus
D:9:      layout_long_grid
D:10:     layout_stronghold, nicolae_take_the_stairs
Temple:   mainiacjoe_temple_hex_bubbles
Lair:1:   layout_regular_city
Lair:2:   layout_loops_ring, minmay_shoals_entry_hut,
          portal_ice_cave_entry_ice_simulacra, cheibrodos_lair_caveside_slide,
          grunt_megastairs_2
IceCv:    ice_cave_small_giant

Skill      XL: |  1  2  3  4  5  6  7  8  9 10 11 12 |
---------------+-------------------------------------+-----
Axes           | 3 |  3.6
Fighting       | 4 5 6 7 8 10 11 13 | 13.2
Dodging        | 2 3 4 5 6 |  6.0
Armour         | 3 4 5 6 7 |  7.8
Maces & Flails | 1 2 |  2.5
Staves         | 2 3 6 8 10 11 12 | 12.8
Stealth        | 1 2 |  2.5
Throwing       | 1 2 |  2.4
Evocations     | 1 2 |  2.6
Crossbows      | 2 |  2.0

Action                   |  1- 3 |  4- 6 |  7- 9 | 10-12 || total
-------------------------+-------+-------+-------+-------++-------
Melee: Hand axe          |    90 |    13 |       |       ||   103
       Punch             |     1 |     1 |       |       ||     2
       Flail             |       |    51 |       |       ||    51
       Quarterstaff      |       |    65 |   220 |   374 ||   659
 Fire: Hand crossbow     |       |       |       |     3 ||     3
Throw: Javelin           |       |       |    11 |       ||    11
       Dart              |       |       |     2 |       ||     2
       Stone             |       |       |     1 |       ||     1
       Boomerang         |       |       |       |    18 ||    18
Invok: Berserk           |     1 |     3 |     2 |     6 ||    12
       Trog's Hand       |       |       |     1 |     4 ||     5
Evoke: Wand              |       |       |     1 |    26 ||    27
  Use: Potion            |     2 |       |       |     4 ||     6
       Scroll            |       |    14 |     3 |     1 ||    18
 Stab: Paralysed         |       |       |       |     2 ||     2
Armor: Animal skin       |    14 |       |       |       ||    14
       Ring mail         |    50 |    47 |   130 |   163 ||   390
       Scale mail        |       |       |    19 |       ||    19
Dodge: Dodged            |    74 |    89 |   161 |   237 ||   561

Table legend: (Time is in decaauts)
 A = Elapsed time spent in this place.
 B = Non-inter-level travel time spent in this place.
 C = Inter-level travel time spent in this place.
 D = Time resting spent in this place.
 E = Time spent auto-exploring this place.
 F = Levels seen in this place.
 G = Mean time per level.
                   A        B        C        D        E       F      G
               +--------+--------+--------+--------+--------+-----+--------+
         Total |  10768 |  10451 |    317 |   2330 |   6137 |  14 |  769.1 |
       Dungeon |   8852 |   8543 |    309 |   1754 |   5218 |  10 |  885.2 |
        Temple |    244 |    236 |      8 |      0 |    229 |   1 |  244.0 |
          Lair |    751 |    751 |      0 |     51 |    568 |   2 |  375.5 |
      Ice Cave |    920 |    920 |      0 |    524 |    122 |   1 |  920.0 |
               +--------+--------+--------+--------+--------+-----+--------+

Top non-repeatable levels by time:
     D:2: 1451 daAuts
     D:8: 1358 daAuts
     D:6: 1250 daAuts
     D:1: 1094 daAuts
     D:5: 991 daAuts
   IceCv: 920 daAuts
     D:7: 861 daAuts
     D:3: 771 daAuts
  Lair:1: 555 daAuts
     D:4: 536 daAuts
     D:9: 534 daAuts
  Temple: 244 daAuts
  Lair:2: 195 daAuts
    D:10: 1 daAuts
